 Dungeon Crawl Stone Soup version 0.18-a0-1413-g4eaa9ac (webtiles) character file.

25 orochimarko the Caller (level 2, -2/19 HPs)
             Began as a Mummy Summoner on Feb 25, 2016.
             Slain by an adder (3 damage)
             ... on level 2 of the Dungeon.
             The game lasted 00:17:10 (2151 turns).

orochimarko the Caller (Mummy Summoner)             Turns: 2151, Time: 00:17:10

Health: -2/19      AC:  2    Str: 11    XL:     2   Next: 86%
Magic:  1/5        EV: 12    Int: 14    God:
Gold:   52         SH:  0    Dex: 12    Spells: 2 memorised, 2 levels left

rFire  x . .     SeeInvis .     a - +0 dagger
rCold  + . .     Gourm    .     d - +0 robe
rNeg   + + +     Faith    .     (no shield)
rPois  ∞         Spirit   .     (no helmet)
rElec  .         Dismiss  .     (no cloak)
rCorr  .         Reflect  .     (no gloves)
SustAt .         Harm     .     (no boots)
MR     .....                    (no amulet)
Stlth  ++........               (no ring)
                                f - ring of poison resistance

@: not resistant to hostile enchantments, unstealthy
A: no food or potions, fire vulnerability, cold resistance 1, negative energy
resistance 3, torment resistance, unbreathing
a: no special abilities


You were on level 2 of the Dungeon.
You were not hungry.

You visited 1 branch of the dungeon, and saw 2 of its levels.

You collected 52 gold pieces.

Inventory:

Hand Weapons
 a - a +0 dagger (weapon)
 h - a +1 trident of venom
Armour
 d - a +0 robe (worn)
Jewellery
 f - a ring of poison resistance (left hand)
Scrolls
 c - a scroll of remove curse {unknown}
 e - a scroll of identify {unknown}
 g - a scroll of teleportation {unknown}
Books
 b - a book of Callings

   Spells                             Type                      Level
   a - Summon Small Mammal            Summoning                    1
   b - Call Imp                       Summoning                    2
   c - Call Canine Familiar           Summoning                    3
   d - Summon Guardian Golem          Hexes/Summoning              3
   e - Summon Lightning Spire         Summoning/Air                4
   f - Summon Ice Beast               Ice/Summoning                4


   Skills:
 - Level 1.7 Dodging
 - Level 1.8 Stealth
 + Level 2.2 Spellcasting
 + Level 3.8 Summonings


You had 2 spell levels left.
You knew the following spells:

 Your Spells              Type           Power        Failure   Level  Hunger
a - Summon Small Mammal   Summ           ##..         6%          1    N/A
b - Call Imp              Summ           ##......     10%         2    N/A

Dungeon Overview and Level Annotations

Branches:
Dungeon (2/15)

Altars:


Innate Abilities, Weirdness & Mutations

You do not eat or drink.
Your flesh is vulnerable to fire.
You are immune to poison.
Your flesh is cold resistant.
You are immune to negative energy.
You are immune to unholy pain and torment.
You can survive without breathing.


Message History

The adder is moderately wounded.
Your crimson imp blinks!
The adder barely misses you.
You barely miss the adder.
The adder is moderately wounded.
Your crimson imp disappears in a puff of smoke!
The adder bites you. The adder bites you but does no damage.
Casting: Call Imp
Confirm with . or Enter, or press ? or * to list all spells.
A beastly little devil appears in a puff of flame.
The adder bites you.
* * * LOW HITPOINT WARNING * * *
You closely miss the adder.
The adder is moderately wounded.
The adder barely misses you. The adder bites you.
* * * LOW HITPOINT WARNING * * *
Your crimson imp closely misses the adder.
The adder bites you.
You die...

.# #.# .....$...# .#
#.# .........# .## #.#
.........# ..# #.# #.#
..# #.# #.#
..#####.#### #.#
...........# #.#
...........##########.#
...........##...@S.5..#
...........##.#########
...........##.#
..............#
.############## ...#
.#.# ...# ...#


You could see an adder and a friendly crimson imp.

Vanquished Creatures
  An ooze (D:1)
  A giant cockroach (D:1)
  2 hobgoblins (D:1)
  A bat (D:1)
  A giant newt (D:1)
  2 kobolds
  2 rats (D:1)
10 creatures vanquished.

Vanquished Creatures (collateral kills)
  A ball python (D:1)
  A giant cockroach (D:1)
  5 goblins
  3 hobgoblins
  2 bats
  3 giant newts (D:1)
  4 kobolds
  A rat (D:1)
20 creatures vanquished.

Grand Total: 30 creatures vanquished

Notes
Turn   | Place    | Note
--------------------------------------------------------------
     0 | D:1      | orochimarko the Mummy Summoner began the quest for the Orb.
     0 | D:1      | Reached XP level 1. HP: 13/13 MP: 3/3
   449 | D:1      | Reached XP level 2. HP: 19/19 MP: 0/5
   453 | D:1      | Learned a level 2 spell: Call Imp
  2151 | D:2      | Slain by an adder

Vault maps used:
D:1:      matt_arrival_spirals
D:2:      grunt_temple_overflow_octagram

Action                   || total
-------------------------++-------
Melee: Dagger            ||    24
       Unarmed           ||     2
 Cast: Summon Small Mamm ||    13
       Call Imp          ||    34
 Stab: Sleeping          ||     2
       Distracted        ||     1
